 Dungeon Crawl Stone Soup version 0.24.0-13-gcf9b319 (webtiles) character file.

Game seed: 13002609718824684304, levelgen mode: deterministic

285 Fang the Skirmisher (level 6, -2/58 HPs)
             Began as a Gargoyle Berserker on Nov 26, 2019.
             Was a Believer of Trog.
             Slain by a bullfrog (4 damage)
             ... in a sewer.
             The game lasted 00:02:07 (2558 turns).

Fang the Skirmisher (Gargoyle Berserker)            Turns: 2558, Time: 00:02:08

Health: -2/58      AC:  6    Str: 27    XL:     6   Next: 29%
Magic:  6/6        EV: 12    Int:  8    God:    Trog [**....]
Gold:   93         SH:  0    Dex:  9    Spells: 5/5 levels left

rFire    . . .     SeeInvis .   a - +0 hand axe
rCold    . . .     Gourm    .   (no shield)
rNeg     + . .     Faith    .   b - +0 animal skin
rPois    ∞         Spirit   .   (no helmet)
rElec    +         Reflect  .   (no cloak)
rCorr    .         Harm     .   (no gloves)
MR       ++...                  (no boots)
Stlth    ..........             (no amulet)
HPRegen  1.19/turn              (no ring)
MPRegen  0.10/turn              (no ring)

@: berserking, regenerating, slow
A: negative energy resistance 1, electricity resistance, unbreathing,
petrification resistance, rot immunity, AC +4
a: Berserk, Trog's Hand, Renounce Religion


You were in a sewer.
You worshipped Trog.
Trog was pleased with you.
You were hungry.

You visited 1 branch of the dungeon, and saw 3 of its levels.
You also visited: Sewer.

You collected 93 gold pieces.

Inventory:

Hand Weapons
 a - a +0 hand axe (weapon)
Armour
 b - a +0 animal skin (worn)
Scrolls
 e - 3 scrolls of teleportation {unknown}
 h - a scroll of fog {unknown}
 i - a scroll of remove curse {unknown}
 k - 2 scrolls of identify {unknown}
 l - a scroll of enchant weapon {unknown}
 m - a scroll of fear {unknown}
Potions
 d - a potion of degeneration {unknown}
 f - 2 potions of curing {unknown}
 g - a potion of magic {unknown}
 j - a potion of mutation {unknown}
Comestibles
 c - 4 rations
 n - 2 chunks of flesh


   Skills:
 + Level 4.7 Fighting
 + Level 3.9 Axes
 + Level 3.9 Armour
 + Level 2.9 Dodging


You had 5 spell levels left.
You didn't know any spells.
Your spell library was empty.

Dungeon Overview and Level Annotations

Branches:
Dungeon (3/15)              Sewer (1/1)

Altars:


Innate Abilities, Weirdness & Mutations

You are resistant to torment.
Your stone body is resilient. (AC +4)
You are immune to poison.
You resist negative energy. (rN+)
You are resistant to electric shocks. (rElec)
You can survive without breathing.
You are immune to petrification.
You are immune to rotting.


Message History

The bullfrog is heavily wounded.
You closely miss the bullfrog. The bullfrog hits you.
* * * LOW HITPOINT WARNING * * *
The bullfrog misses you.
You slash the bullfrog!
You kill the bullfrog!
Trog accepts your kill.
You have reached level 6!
Your experience leads to an increase in your attributes!
Your base attributes are Str 21, Int 8, Dex 9.
Increase (S)trength, (I)ntelligence, or (D)exterity?
You feel stronger.
You slash the bullfrog! The bullfrog hits you.
* * * LOW HITPOINT WARNING * * *
Your unstable footing causes you to fumble your attack.
The bullfrog hits you!
* * * LOW HITPOINT WARNING * * *
Your unstable footing causes you to fumble your attack.
The bullfrog hits you.
You die...

#.≈≈≈≈≈≈≈≈≈≈≈≈≈≈≈≈≈≈≈≈.#
#≈≈≈≈≈≈≈≈≈≈≈≈≈≈≈≈≈≈≈≈≈.#
#.≈≈≈.≈≈≈≈≈≈≈≈≈÷..≈≈≈≈.#
#≈########≈≈≈≈≈≈≈≈.≈≈≈.#
#≈# ##≈≈≈≈≈≈≈≈≈.≈≈≈.#
#≈# #≈≈≈≈≈≈≈≈≈≈≈≈≈≈.#
#≈# #≈≈≈≈≈≈≈≈≈≈≈≈≈≈.#
#≈# #≈≈≈≈≈≈≈F≈≈≈≈≈≈≈.#
#≈# #≈≈∩.≈≈≈.@≈≈≈≈≈≈.#
#≈# #≈≈......≈≈≈≈≈≈≈.#
#.# #≈≈≈≈..≈≈≈.≈≈≈≈≈≈.#
#.# #≈≈≈≈≈≈..≈.≈≈≈≈≈≈.#
### #.#
#≈≈≈≈≈.[≈≈≈≈≈≈≈≈≈.# #.#
#.# ≈≈≈≈.???≈≈≈≈≈÷≈≈.#
#∩# #.#
≈≈≈..(≈≈≈≈≈≈≈≈≈.# #.#
#.# ≈≈.≈.≈≈≈≈≈.≈≈≈.# #∩#
#.# ≈≈≈≈≈≈≈.≈≈≈.# #.#


You could see a bullfrog.

Vanquished Creatures
  A bullfrog (Sewer)
  Natasha (thrice) (D:2)
  7 adders
  2 river rats (D:3)
  3 worms
  A dart slug (D:1)
  8 leopard geckos (Sewer)
  2 orcs
  3 giant cockroaches (Sewer)
  4 goblins
  2 hobgoblins (D:1)
  3 jackals (D:2)
  4 ball pythons
  2 bats
  2 frilled lizards
  A kobold (D:1)
  12 rats
60 creatures vanquished.

Notes
Turn   | Place    | Note
-------+----------+-------------------------------------------
     0 | D:1      | Fang the Gargoyle Berserker began the quest for the Orb.
     0 | D:1      | Reached XP level 1. HP: 14/14 MP: 1/1
   153 | D:1      | Reached XP level 2. HP: 13/19 MP: 2/2
   652 | D:2      | Reached XP level 3. HP: 7/24 MP: 3/3
  1151 | D:2      | Noticed Natasha
  1157 | D:2      | Killed Natasha
  1157 | D:2      | Reached XP level 4. HP: 29/29 MP: 4/4
  1321 | D:2      | Noticed Natasha
  1329 | D:2      | Killed Natasha
  1329 | D:2      | Reached skill level 4 in Fighting
  1835 | D:2      | Noticed Natasha
  1841 | D:2      | Killed Natasha
  1841 | D:2      | Reached ** piety under Trog
  1841 | D:2      | Reached XP level 5. HP: 20/33 MP: 5/5
  2108 | D:3      | Found a glowing drain.
  2116 | Sewer    | Entered a sewer
  2556 | Sewer    | Reached XP level 6. HP: 7/39 MP: 6/6
  2557 | Sewer    | HP: 1/58 [bullfrog (7)]
  2558 | Sewer    | Slain by a bullfrog

Levels and vault maps discovered:
D:1:      sevenhm_arrival_forest_fort_small_6, layout_loops_cross,
          minmay_liquid_box
D:2:      layout_basic, uniq_natasha
D:3:      layout_basic, lightli_sewer_entry_pipes
Sewer:    sewer_frog_island_01

Skill      XL: |  1  2  3  4 |
---------------+-------------+-----
Axes           | 3 |  3.9
Dodging        | 2 |  2.9
Armour         | 3 |  3.9
Fighting       | 4 |  4.7

Action                   |  1- 3 |  4- 6 || total
-------------------------+-------+-------++-------
Melee: Hand axe          |    55 |   190 ||   245
Invok: Berserk           |     2 |     3 ||     5
       Trog's Hand       |       |     2 ||     2
 Stab: Sleeping          |     1 |       ||     1
  Eat: Chunk             |     2 |     8 ||    10
Armor: Animal skin       |    20 |    64 ||    84
Dodge: Dodged            |    42 |   127 ||   169
